 Dungeon Crawl Stone Soup version 0.28-a0-1395-g4f6bc678fa (webtiles) character file.

Game seed: 11986285214736459230

3207 quinnr the Zephyrmancer (level 9, -4/49 HPs)
             Began as a Tengu Air Elementalist on Jan 5, 2022.
             Was a Believer of Sif Muna.
             Slain by a slime creature (7 damage)
             ... on level 8 of the Dungeon.
             The game lasted 00:22:30 (11669 turns).

quinnr the Zephyrmancer (Tengu Air Elementalist)   Turns: 11669, Time: 00:22:30

Health: -4/49      AC:  4    Str:  9    XL:     9   Next: 97%
Magic:  1/16       EV: 17    Int: 23    God:    Sif Muna [**....]
Gold:   409        SH:  5    Dex: 14    Spells: 6/16 levels left

rFire   + . .      SeeInvis .   p - +11 hunting sling "Bioviaps" {freeze, rF+ Int+3}
rCold   . . .      Faith    .   v - +0 buckler {reflect}
rNeg    . . .      Spirit   .   a - +0 robe
rPois   .          Reflect  +   (helmet restricted)
rElec   .          Harm     .   (no cloak)
rCorr   +          Rampage  .   e - +1 pair of gloves
Will    .....                   (boots unavailable)
Stlth   +++.......              (no amulet)
HPRegen 0.16/turn               l - ring of resist corrosion
MPRegen 0.15/turn               (no ring)

@: flying quickly and evasively, quick
A: beak, talons 3, nimble flight
a: Renounce Religion, Channel Magic


You were on level 8 of the Dungeon.
You worshipped Sif Muna.
Sif Muna was pleased with you.
You visited 1 branch of the dungeon, and saw 9 of its levels.
You also visited: Sewer.

You collected 409 gold pieces.

Inventory:

Hand Weapons
 k - a +1 short sword of flaming
 m - a +3 dagger of speed
 p - the +11 hunting sling "Bioviaps" (weapon) {freeze, rF+ Int+3}
   (You found it on level 5 of the Dungeon)

   Any ammunition fired from it freezes those it strikes, dealing additional
   cold damage.
   It can also slow down cold-blooded creatures.
   Int:       It affects your intelligence (+3).
   rF:        It protects you from fire.
Missiles
 q - 235 stones
 r - 55 sling bullets (quivered ammo)
Armour
 a - a +0 robe (worn)
 e - a +1 pair of gloves (worn)
 v - a +0 buckler of reflection (worn)
Jewellery
 l - a ring of resist corrosion (left hand)
Wands
 x - a wand of digging (3)
 y - a wand of paralysis (5)
Scrolls
 d - 3 scrolls of teleportation
 g - 2 scrolls of blinking
 i - 2 scrolls of fear
 n - a scroll of enchant armour {unknown}
 w - a scroll of amnesia {unknown}
Potions
 b - 3 potions of degeneration {unknown}
 c - 3 potions of brilliance {unknown}
 f - a potion of berserk rage {unknown}
 h - a potion of lignification {unknown}
 j - 3 potions of ambrosia
 o - a potion of attraction
 s - a potion of mutation {unknown}
 t - a potion of haste
 u - 3 potions of flight {unknown}


   Skills:
 + Level 2.7 Fighting
 - Level 2.0 Short Blades
 - Level 4.0 Slings
 - Level 1.0 Armour
 + Level 5.4 Dodging
 + Level 4.5 Stealth
 - Level 4.0 Shields
 + Level 4.4 Spellcasting
 - Level 4.0 Conjurations
 + Level 9.3 Air Magic
 + Level 4.4 Invocations
 + Level 1.1 Evocations


You had 6 spell levels left.
You knew the following spells:

 Your Spells              Type           Power      Damage    Failure   Level
a - Shock                 Conj/Air       100%       1d9       1%          1
b - Static Discharge      Conj/Air       35%        N/A       1%          2
c - Airstrike             Air            24%        N/A       1%          4
d - Swiftness             Air            48%        N/A       1%          3

Your spell library contained the following spells:

 Spells                   Type           Power      Damage    Failure   Level
 Petrify                  Tmut/Erth      5%         N/A       69%         4
 Metabolic Englaciation   Hex/Ice        2%         N/A       95%         5
 Statue Form              Tmut/Erth      3%         N/A       100%        6


Dungeon Overview and Level Annotations

Branches:
Dungeon (9/15)             Temple (0/1) D:7           Sewer (visited)
   Lair: D:8-11         Orc: D:9-12

Altars:
Dithmenos
Fedhas
Hepliaklqana
Qazlal
Ru
Sif Muna
Trog
Uskayaw
Vehumet
Xom
The Shining One


Innate Abilities, Weirdness & Mutations

You have a beak for a mouth.
You have claws for feet.
Your magical nature lets you fly swiftly and evasively.


Message History

The sling bullet hits the slime creature!
The sling bullet freezes the slime creature.
You kill the slime creature!
Sif Muna accepts your kill. The slime creature misses you.
Your Evocations skill increases to level 1!
Fire: 59 sling bullets
Press: ? - help, Q - select action, (/) - cycle Shift-Dir - straight line, f - slime creature
Aim: a slime creature (moderately wounded, 87% to hit)
You shoot a sling bullet.
The sling bullet hits the slime creature!
The sling bullet freezes the slime creature.
The slime creature is heavily wounded.
Fire: 58 sling bullets
Press: ? - help, Q - select action, (/) - cycle Shift-Dir - straight line, f/p - slime creature
Aim: a slime creature (heavily wounded, 87% to hit)
You shoot a sling bullet.
The sling bullet hits the slime creature!
The sling bullet freezes the slime creature.
The slime creature is severely wounded.
The slime creature hits you.
Fire: 57 sling bullets
Press: ? - help, Q - select action, (/) - cycle Shift-Dir - straight line, f/p - slime creature
Aim: a slime creature (severely wounded, 87% to hit)
You shoot a sling bullet.
The sling bullet hits the slime creature.
The sling bullet freezes the slime creature.
The slime creature is almost dead.
The slime creature hits you!
* * * LOW HITPOINT WARNING * * *
Your magical contamination has completely faded away.
Fire: 56 sling bullets
Press: ? - help, Q - select action, (/) - cycle Shift-Dir - straight line, f/p - slime creature
Aim: a slime creature (almost dead, 87% to hit)
You shoot a sling bullet.
The sling bullet hits the slime creature!
The sling bullet freezes the slime creature.
The slime creature is almost dead.
The slime creature hits you!
You die...

#####..##.##.#.................#.
....#..##.##.#.##..........#####.
....#..##.##.#.##..........# #.
....#..##.##.#.##..........#####.
....#..##.##.#.##..........##....
....#..##.##.#.##############....
#.#.#####.##.#...........####....
..#.# #.##.#...................
###.# #.##.##.@J.......###.....
###.#####<...##...(......# #.....
........#######..(.......# #....[
........# #..........# #...>.
........# #..........# ###.#.
###.##### #..........# ###.#. #.#
###### #..........# #...#. #.#
#....# #..........###...#. #.#
#....####..(.....>...#...#.


You could see a slime creature.

Vanquished Creatures
  Maurice (D:8)
  A slime creature (D:8)
  Sigmund (D:4)
  A yak (D:8)
  2 acid dragons
  3 ice beasts
  A sky beast (D:8)
  An ogre (D:7)
  A phantom (D:6)
  A centaur (D:5)
  7 bullfrogs
  A kobold brigand (D:7)
  A wyvern zombie (D:8)
  4 killer bees (D:8)
  4 wights (D:8)
  3 jellies
  A bullfrog skeleton (D:5)
  A hound (D:6)
  2 centaur zombies
  An orc priest (D:4)
  4 iguanas
  A killer bee zombie (D:8)
  A hound skeleton (D:4)
  Robin (D:2)
  2 howler monkey zombies
  10 adders
  3 gnolls (D:3)
  A river rat (D:4)
  A dart slug (D:4)
  4 orcs (D:4)
  12 ball pythons
  5 bats
  10 endoplasms
  13 giant cockroaches
  13 hobgoblins
  10 jackals
  14 quokkas
  12 frilled lizards
  14 goblins
  12 kobolds
  8 rats
  A spectral hobgoblin (D:2)
190 creatures vanquished.

Notes
Turn   | Place    | Note
-------+----------+-------------------------------------------
     0 | D:1      | quinnr the Tengu Air Elementalist began the quest for the
                  | Orb.
     0 | D:1      | Reached XP level 1. HP: 10/10 MP: 4/4
   385 | D:1      | Reached XP level 2. HP: 15/15 MP: 4/6
   388 | D:1      | Learned a level 2 spell: Static Discharge
   695 | D:1      | Reached XP level 3. HP: 20/20 MP: 0/7
   793 | D:1      | Reached skill level 5 in Air Magic
   892 | D:1      | Reached skill level 1 in Fighting
  1435 | D:2      | Noticed Robin
  1994 | D:2      | Reached XP level 4. HP: 25/25 MP: 5/8
  2065 | D:2      | Learned a level 4 spell: Airstrike
  2093 | D:2      | Killed Robin
  2286 | D:2      | Found a faded altar of an unknown god.
  2869 | D:3      | Found a glowing golden altar of the Shining One.
  3038 | D:3      | Reached skill level 6 in Air Magic
  3069 | D:3      | Found a shimmering blue altar of Sif Muna.
  3083 | D:3      | Became a worshipper of Sif Muna the Loreminder
  3178 | D:3      | Found a shimmering altar of Xom.
  3345 | D:3      | Gained mutation: Your magical nature lets you fly swiftly
                  | and evasively. [Tengu growth]
  3345 | D:3      | Reached XP level 5. HP: 29/29 MP: 8/10
  3391 | D:3      | Found a stormy altar of Qazlal.
  3916 | D:4      | Found a glowing drain.
  3944 | D:4      | Reached XP level 6. HP: 16/34 MP: 1/11
  3951 | D:4      | Reached skill level 1 in Short Blades
  3986 | Sewer    | Entered a sewer
  4142 | Sewer    | Learned a level 3 spell: Swiftness
  4215 | Sewer    | Reached * piety under Sif Muna
  5059 | Sewer    | Reached ** piety under Sif Muna
  5139 | Sewer    | Reached skill level 1 in Armour
  5407 | Sewer    | Reached XP level 7. HP: 38/38 MP: 2/12
  5836 | D:4      | Noticed Sigmund
  5840 | D:4      | Killed Sigmund
  5841 | D:4      | Reached skill level 5 in Dodging
  6029 | D:5      | Entered Level 5 of the Dungeon
  6291 | D:5      | Found a shadowy altar of Dithmenos.
  6586 | D:5      | Identified the +11 hunting sling "Bioviaps" {freeze, rF+
                  | Int+3}
  6771 | D:5      | Reached XP level 8. HP: 44/44 MP: 13/13
  6803 | D:5      | Reached skill level 1 in Invocations
  6889 | D:5      | Reached skill level 1 in Slings
  6892 | D:5      | Reached skill level 7 in Air Magic
  7396 | D:6      | Found a bloodstained altar of Trog.
  8123 | D:7      | Found a hide-covered altar of Uskayaw.
  8197 | D:7      | Found a hazy altar of Hepliaklqana.
  8265 | D:7      | Identified a scroll of acquirement
  8265 | D:7      | Acquired a +0 buckler of reflection
  8375 | D:7      | Found a staircase to the Ecumenical Temple.
  8459 | D:7      | Reached skill level 1 in Shields
  8636 | D:7      | Found a sacrificial altar of Ru.
  8903 | D:8      | Reached skill level 8 in Air Magic
  9105 | D:8      | Reached XP level 9. HP: 48/48 MP: 16/16
  9285 | D:8      | Found a radiant altar of Vehumet.
  9355 | D:8      | HP: 3/48 [poisoned by a killer bee]
  9366 | D:8      | HP: 4/48 [poisoned by a killer bee]
  9762 | D:8      | Noticed Maurice
  9901 | D:8      | Reached skill level 9 in Air Magic
 10198 | D:8      | Found a blossoming altar of Fedhas.
 10728 | D:8      | Killed Maurice
 10872 | D:9      | Noticed a hornet
 11665 | D:8      | Reached skill level 1 in Evocations
 11668 | D:8      | HP: 3/49 [slime creature (14)]
 11669 | D:8      | Slain by a slime creature

Illustrated notes

Levels and vault maps discovered:
D:1:      dpeg_arrival_water_temple_mockup, layout_basic
D:2:      layout_loops_ring, dreamdust_ecumenical_altar_drowned_temple,
          uniq_robin
D:3:      layout_basic, nicolae_sif_muna_condensation,
          mainiacjoe_overflow_brackets, mainiacjoe_overflow_small_starburst,
          tso_metal_star
D:4:      nicolae_cairo_tiling_large, layout_basic, portal_sewer_entry_c,
          uniq_sigmund
D:5:      nicolae_cairo_tiling_very_big, layout_rooms,
          lemuel_coloured_pillars_altar
D:6:      layout_basic, mainiacjoe_overflow_six_doors_small, patterned_corridor
D:7:      layout_basic, nicolae_ru_the_path_less_chosen,
          mainiacjoe_overflow_catch_the_wave, minmay_temple_entry_junction_2
D:8:      layout_basic, vehumet_crystals, fedhas_altar_2,
          kennysheep_generic_room_9, uniq_maurice
D:9:      layout_basic, elyvilon_altar_5, serial_shops, nicolae_take_the_stairs,
          nicolae_shop_hallway_plus, grunt_potential

Skill      XL: |  1  2  3  4  5  6  7  8  9 |
---------------+----------------------------+-----
Air Magic      | 5 6 8 9 |  9.3
Fighting       | 1 2 |  2.7
Spellcasting   | 3 4 |  4.4
Conjurations   | 3 4 |  4.0
Dodging        | 3 4 5 |  5.4
Short Blades   | 2 |  2.0
Armour         | 1 |  1.0
Stealth        | 3 4 |  4.5
Invocations    | 3 4 |  4.4
Slings         | 3 4 |  4.0
Shields        | 2 4 |  4.0
Evocations     | 1 |  1.1

Action                   |  1- 3 |  4- 6 |  7- 9 || total
-------------------------+-------+-------+-------++-------
Melee: Unarmed           |    16 |       |       ||    16
       Peck              |     4 |     3 |       ||     7
       Kick              |     2 |     3 |       ||     5
       Dagger            |       |    19 |       ||    19
 Fire: Hunting sling     |       |       |   110 ||   110
 Cast: Shock             |    81 |   154 |    21 ||   256
       Static Discharge  |       |     9 |     8 ||    17
       Airstrike         |       |     2 |    31 ||    33
       Swiftness         |       |       |     2 ||     2
  Use: Scroll            |       |     6 |     5 ||    11
       Potion            |       |       |     1 ||     1
Armor: Robe              |     6 |     5 |     4 ||    15
Dodge: Dodged            |    19 |    27 |    36 ||    82
Block: Buckler           |       |       |    12 ||    12
       Reflection        |       |       |     2 ||     2

Table legend: (Time is in decaauts)
 A = Elapsed time spent in this place.
 B = Non-inter-level travel time spent in this place.
 C = Inter-level travel time spent in this place.
 D = Time resting spent in this place.
 E = Time spent auto-exploring this place.
 F = Levels seen in this place.
 G = Mean time per level.
                   A        B        C        D        E       F      G
               +--------+--------+--------+--------+--------+-----+--------+
         Total |  11276 |  10837 |    439 |   1951 |   7539 |  10 | 1127.6 |
       Dungeon |   9760 |   9321 |    439 |   1459 |   6735 |   9 | 1084.4 |
         Sewer |   1516 |   1516 |      0 |    491 |    804 |   1 | 1516.0 |
               +--------+--------+--------+--------+--------+-----+--------+

Top non-repeatable levels by time:
     D:8: 2307 daAuts
   Sewer: 1516 daAuts
     D:1: 1504 daAuts
     D:3: 1171 daAuts
     D:2: 1056 daAuts
     D:4: 922 daAuts
     D:6: 893 daAuts
     D:5: 857 daAuts
     D:7: 699 daAuts
     D:9: 348 daAuts
